Map: [ESL] NeoHumanity

Players

Cure - Winner!

  • Race: Terran Terran

Spirit

  • Race: Terran Terran

Event: IEM Katowice 2023

VOD

Have the link to the VOD?

Description

Time

  • Played on: Feb. 8, 2023, 1:06 p.m.
  • Length: 8:25

All games in this series

Show
View Real Time Build Order
Export as new Build Order

Cure Terran - Winner!

Build Orders:  

Get SALT Encoding   

  12  0:00  SCV  
  13  0:12  SCV  
  14  0:16  Supply Depot  
  14  0:24  SCV  
  15  0:38  SCV  
  15  0:40  Barracks  
  15  0:42  Refinery  
  16  0:50  SCV  
  17  0:57  Barracks  
  17  1:02  SCV  
  18  1:08  Refinery  
  18  1:14  SCV  
  19  1:27  Reaper  
  19  1:29  Orbital Command  
  20  1:38  Supply Depot  
  20  1:44  Reaper  
  21  1:54  SCV  
  21  1:59  Reaper  
  23  2:06  SCV  
  23  2:07  Factory  
  24  2:16  Reaper  
  24  2:19  SCV  
  24  2:20  Supply Depot  
  26  2:31  SCV, Reaper  
  28  2:45  SCV  
  28  2:48  Reaper  
  32  2:51  Hellion  
  32  2:57  SCV  
  33  3:05  Reaper  
  34  3:08  Command Center  
  34  3:11  SCV  
  35  3:14  Factory Tech Lab  
  35  3:21  Supply Depot  
  35  3:25  SCV  
  36  3:32  Barracks Reactor  
  36  3:37  Cyclone  
  36  3:40  SCV  
  39  3:47  Barracks Tech Lab  
  39  3:50  Starport  
  39  3:52  SCV  
  40  4:03  Refinery  
  40  4:04  SCV  
  40  4:05  Marine  
  40  4:08  Marine x2  
  44  4:11  Cyclone  
  46  4:17  SCV  
  46  4:22  Orbital Command  
  46  4:26  Marine  
  46  4:27  Marine x2  
  49  4:33  Starport Tech Lab  
  49  4:34  SCV  
  50  4:44  Siege Tank  
  53  4:49  Marine x3  
  53  4:51  SCV x2  
  55  4:55  Raven  
  57  5:02  Stimpack  
  57  5:03  Supply Depot  
  57  5:05  SCV  
  59  5:07  SCV  
  59  5:10  Marine x2  
  61  5:17  Supply Depot  
  61  5:22  Marine  
  61  5:24  Siege Tank, SCV x2  
  67  5:29  Marine x2  
  67  5:33  Supply Depot  
  69  5:37  SCV  
  69  5:38  SCV, Raven  
  73  5:42  Supply Depot  
  73  5:46  Marine x2  
  73  5:47  Marine  
  76  5:50  SCV x2  
  78  5:59  Siege Tank  
  78  6:02  SCV  
  78  6:03  SCV  
  83  6:05  Marine x3  
  83  6:08  Supply Depot  
  83  6:09  Supply Depot  
  86  6:14  SCV  
  86  6:15  SCV  
  88  6:21  Starport Reactor  
  88  6:26  SCV  
  88  6:27  SCV  
  90  6:38  SCV  
  90  6:39  SCV  
  92  6:41  Siege Tank  
  92  6:44  Combat Shield  
  92  6:45  Command Center  
  95  6:48  Barracks  
  95  6:52  SCV x2  
  95  6:53  Marine x3  
  96  7:00  Medivac x2  
  95  7:04  SCV  
  95  7:05  SCV, Refinery  
  97  7:10  Supply Depot  
  97  7:11  Marine x2  
  97  7:12  Marine  
  100  7:17  Siege Tank, SCV x2  
  105  7:29  SCV x2  
  107  7:30  Engineering Bay x2  
  107  7:36  Concussive Shells  
  107  7:40  Barracks  
  107  7:41  Barracks  
  107  7:48  SCV x2  
  109  7:52  Marine x2, Marauder x2  
  118  7:59  Orbital Command  
  118  8:02  SCV  
  118  8:03  SCV  
Show
View Real Time Build Order
Export as new Build Order

Spirit Terran 

Build Orders: 1/1/1, Hellion Opening 

Get SALT Encoding   

  12  0:00  SCV  
  13  0:12  SCV  
  14  0:17  Supply Depot  
  14  0:24  SCV  
  15  0:38  SCV  
  15  0:41  Barracks  
  16  0:44  Refinery  
  16  0:50  SCV  
  16  0:55  Refinery  
  17  1:03  SCV  
  18  1:15  SCV  
  19  1:28  Orbital Command, Reaper  
  19  1:31  Supply Depot  
  20  1:42  Factory  
  21  1:54  SCV  
  21  2:00  Barracks Reactor  
  21  2:06  SCV  
  22  2:18  SCV  
  22  2:19  Command Center  
  23  2:29  Starport  
  23  2:40  Hellion x2  
  23  2:43  Supply Depot  
  27  2:46  SCV  
  28  2:58  SCV  
  29  3:02  Hellion  
  29  3:05  Barracks Tech Lab, Hellion  
  33  3:08  Medivac  
  33  3:11  SCV  
  36  3:18  Supply Depot  
  36  3:21  Refinery  
  36  3:24  SCV  
  36  3:27  Hellion  
  36  3:31  Hellion  
  39  3:43  Marauder  
  41  3:50  Command Center  
  41  3:53  Starport Tech Lab  
  45  3:58  SCV  
  42  4:10  SCV  
  42  4:12  Marine, Cyclone  
  47  4:24  Supply Depot  
  47  4:36  Command Center  
  47  4:45  Marine x2, SCV, Raven  
  55  5:01  SCV, Refinery  
  55  5:03  Marine x2  
  58  5:11  Siege Tank  
  58  5:13  SCV  
  59  5:18  Refinery  
  59  5:25  Orbital Command, SCV  
  60  5:31  Viking x2  
  64  5:38  SCV  
  65  5:46  Factory  
  65  5:50  Orbital Command, SCV  
  65  5:54  SCV  
  67  6:02  SCV  
  68  6:05  Siege Tank  
  68  6:06  SCV  
  72  6:14  SCV  
  72  6:16  Viking  
  72  6:18  SCV  
  76  6:20  Viking  
  76  6:24  SCV  
  79  6:26  SCV  
  79  6:30  SCV, Supply Depot  
  81  6:33  Supply Depot  
  81  6:36  SCV  
  81  6:38  SCV  
  83  6:40  Marine, Stimpack  
  83  6:42  SCV  
  84  6:48  SCV  
  85  6:54  SCV  
  85  6:55  SCV  
  85  6:58  Engineering Bay  
  85  6:59  Orbital Command  
  85  7:00  Engineering Bay  
  86  7:02  Barracks  
  86  7:04  Viking  
  86  7:06  SCV  
  88  7:10  SCV, Viking  
  88  7:15  Factory Reactor  
  91  7:18  SCV  
  91  7:19  Barracks  
  92  7:23  SCV, Supply Depot  
  92  7:28  SCV  
  94  7:31  SCV  
  94  7:35  SCV  
  94  7:38  Sensor Tower  
  94  7:40  SCV  
  94  7:42  Viking x2  
  94  7:43  SCV  
  100  7:47  SCV  
  95  7:52  Siege Tank, SCV  
  95  7:55  SCV  
  95  7:56  Marine  
  101  7:59  SCV  
  101  8:02  Factory Tech Lab  
  101  8:03  Marine  
  101  8:04  Marine, SCV  
  105  8:08  SCV  
  105  8:11  SCV  

Tags
 
Add a new tag
Caveats
  • Supply blocks, unpowered buildings, or Contaminate may cause inaccurate times.
  • Supply counts are checked every 10 seconds.